Map: Ever Dream LE

Players

Massa - Winner!

  • Race: Terran Terran
  • League: Gold
  • Spawn Location: 7:00

PILINGO

  • Race: Protoss Protoss
  • League: Platinum
  • Spawn Location: 1:00

VOD

Have the link to the VOD?

Description

Time

  • Played on: Aug. 11, 2020, 2:14 p.m.
  • Length: 27:13
Show
View Real Time Build Order
Export as new Build Order

Massa Terran - Winner!

Build Orders:  

Get SALT Encoding   

  12  0:01  SCV  
  13  0:13  SCV  
  14  0:19  Supply Depot  
  14  0:25  SCV  
  15  0:32  Refinery  
  15  0:41  SCV  
  16  0:46  Barracks  
  16  0:53  SCV  
  17  1:05  SCV  
  18  1:17  SCV  
  19  1:29  SCV  
  20  1:41  Refinery, SCV  
  20  1:43  Reaper  
  22  1:59  Orbital Command  
  22  2:00  Command Center  
  22  2:18  Factory  
  22  2:29  Marine  
  23  2:37  Supply Depot  
  23  2:58  SCV, Marine  
  23  3:03  Factory Tech Lab  
  24  3:10  SCV  
  25  3:13  Barracks  
  25  3:15  Orbital Command  
  25  3:16  Marine  
  26  3:23  SCV  
  27  3:27  Engineering Bay  
  27  3:31  Supply Depot  
  27  3:33  Siege Tank  
  30  3:35  SCV  
  30  3:36  Barracks Tech Lab  
  31  3:46  Marine  
  31  3:47  SCV  
  33  3:48  SCV  
  33  3:54  Barracks  
  34  3:56  Refinery, Supply Depot  
  34  3:59  SCV  
  34  4:00  SCV  
  34  4:01  Missile Turret  
  36  4:04  Marine, Missile Turret  
  35  4:11  SCV  
  35  4:12  SCV  
  35  4:16  Widow Mine  
  39  4:18  Barracks Tech Lab  
  39  4:22  Marine  
  39  4:23  SCV  
  41  4:25  SCV  
  42  4:32  Terran Infantry Weapons Level 1  
  42  4:35  SCV  
  42  4:37  Widow Mine  
  45  4:40  Missile Turret  
  45  4:45  Missile Turret  
  45  4:56  Barracks Tech Lab  
  45  4:57  Concussive Shells  
  45  4:59  Marauder  
  47  5:01  Marine  
  47  5:03  SCV x2  
  50  5:15  SCV x2  
  50  5:16  Stimpack  
  50  5:19  Marine  
  50  5:21  Marauder  
  55  5:27  Refinery, SCV  
  55  5:28  SCV  
  57  5:39  SCV  
  57  5:40  Combat Shield  
  57  5:42  Marauder  
  60  5:50  Refinery  
  60  5:55  Command Center  
  60  6:01  Starport  
  60  6:03  Armory  
  60  6:07  Marauder  
  62  6:16  Supply Depot  
  62  6:18  Supply Depot  
  62  6:20  Supply Depot  
  62  6:22  Supply Depot  
  62  6:24  Supply Depot  
  62  6:29  Supply Depot  
  62  6:37  Terran Infantry Armor Level 1  
  62  6:38  Widow Mine, SCV x2, Marauder x2  
  62  6:39  Marine, Medivac  
  73  6:57  Marine  
  73  6:59  Marine x2, Missile Turret  
  76  7:10  Thor  
  76  7:15  Marine  
  83  7:16  Marine  
  83  7:17  Marauder  
  86  7:33  Marine  
  86  7:34  Marine  
  88  7:37  SCV x2  
  88  7:38  Marauder  
  92  7:49  SCV x2  
  95  7:53  Marauder, Missile Turret  
  96  8:00  Marauder  
  96  8:01  SCV x2  
  96  8:05  Barracks Reactor  
  100  8:08  Supply Depot  
  100  8:13  SCV  
  100  8:14  SCV, Marauder, Missile Turret  
  100  8:15  Terran Vehicle Weapons Level 1  
  100  8:19  Engineering Bay  
  104  8:21  Marauder  
  104  8:25  SCV  
  104  8:26  SCV  
  108  8:31  Terran Infantry Weapons Level 2  
  108  8:35  Marauder, Missile Turret  
  110  8:43  Marauder  
  112  8:48  SCV  
  112  8:49  SCV  
  112  8:51  Planetary Fortress  
  114  8:56  Missile Turret  
  114  8:57  Marauder  
  114  8:58  Marine  
  114  8:59  Marine  
  114  9:00  SCV  
  114  9:01  SCV  
  120  9:04  Marauder  
  120  9:05  Thor  
  128  9:13  SCV x2  
  128  9:16  Marine  
  128  9:17  Marine  
  132  9:25  SCV  
  132  9:29  Marauder x2  
  123  9:34  Marine  
  123  9:36  Marine  
  100  9:48  Thor  
  100  9:50  Marauder x2  
  100  9:52  Marine  
  111  9:54  Marine  
  112  10:02  Command Center  
  112  10:05  Terran Infantry Armor Level 2  
  112  10:09  Terran Vehicle And Ship Armor Level 1  
  112  10:12  Marauder x2  
  116  10:17  Medivac  
  116  10:32  Thor  
  116  10:33  Marauder x2  
  125  10:48  Marine  
  125  10:49  Marine  
  127  10:54  Marauder x2  
  130  11:06  Marine  
  130  11:07  Marine  
  132  11:17  Marauder x2  
  130  11:22  Bunker  
  130  11:24  Marine x2  
  132  11:38  Marauder x2  
  136  11:42  Marine x2  
  138  11:53  Refinery  
  138  11:54  Refinery  
  138  12:00  Marauder x2  
  142  12:12  SCV  
  142  12:13  SCV x2  
  145  12:24  SCV  
  145  12:25  SCV x2, Bunker  
  145  12:27  Planetary Fortress  
  148  12:35  Terran Infantry Weapons Level 3, Terran Infantry Armor Level 3, Supply Depot  
  148  12:36  Terran Vehicle Weapons Level 2, Marine x2  
  148  12:37  SCV x2, Marauder x2  
  156  12:49  Barracks  
  156  12:52  Barracks, Factory  
  156  12:55  Factory  
  156  12:56  SCV x3, Marine x2  
  156  12:58  Marauder, Supply Depot  
  163  13:06  Supply Depot  
  163  13:07  Supply Depot  
  163  13:09  SCV  
  164  13:19  SCV, Marine  
  172  13:20  SCV x2, Marauder x2  
  172  13:22  Supply Depot  
  172  13:26  Command Center  
  172  13:28  SCV, Marine  
  172  13:30  Supply Depot  
  172  13:31  Supply Depot  
  172  13:32  SCV x3  
  177  13:37  Marine  
  177  13:40  SCV, Command Center  
  183  13:41  Marauder x2  
  183  13:44  SCV x3  
  183  13:45  Supply Depot  
  183  13:46  Marine  
  187  13:52  SCV  
  187  13:54  Supply Depot  
  187  13:55  Marine  
  189  13:56  SCV x3, Command Center, Supply Depot  
  189  13:57  Factory Tech Lab  
  189  13:59  Factory Tech Lab  
  196  14:03  Marauder x2, Marine  
  196  14:08  SCV, Supply Depot  
  187  14:15  Barracks Tech Lab  
  167  14:17  Supply Depot  
  127  14:24  Marauder x2  
  126  14:32  Marine  
  126  14:33  Marine x2  
  129  14:43  Command Center  
  133  14:45  Marauder x2  
  133  14:49  Refinery  
  133  14:50  Marine x2  
  116  15:07  Marauder x2  
  99  15:27  Widow Mine  
  99  15:28  Marauder x2, Thor  
  105  15:29  Thor  
  105  15:31  Marauder  
  119  15:38  Orbital Command  
  119  15:47  SCV  
  119  15:48  SCV x3, Thor  
  119  15:49  Marauder x2  
  133  15:52  Marauder  
  135  15:59  Orbital Command, SCV  
  135  16:00  SCV x2  
  135  16:04  Planetary Fortress  
  138  16:09  SCV  
  138  16:11  SCV, Marauder x2, Thor x2  
  143  16:12  SCV x2  
  143  16:13  Marauder, Marine x2  
  162  16:18  Barracks Tech Lab  
  162  16:21  SCV  
  162  16:23  SCV  
  164  16:31  Marine x2, Thor  
  164  16:32  Marauder x2  
  171  16:35  Marauder  
  137  16:48  Marine  
  137  16:49  Marine  
  137  16:54  Marauder x2, Thor x2  
  142  16:56  Marauder  
  156  17:04  Marauder  
  156  17:06  Marine  
  156  17:07  Marine  
  156  17:08  SCV x5  
  163  17:15  Marauder x2  
  169  17:17  Orbital Command  
  169  17:18  Marauder  
  169  17:20  SCV x5  
  176  17:24  Marine  
  176  17:26  Marauder  
  176  17:27  Smart Servos  
  179  17:30  Marine  
  179  17:32  Terran Vehicle And Ship Armor Level 2, SCV x5, Command Center  
  179  17:36  Marauder, Marine  
  188  17:38  Marine  
  188  17:41  Refinery  
  188  17:42  Refinery, Marine  
  190  17:47  Marauder  
  190  17:48  Marine  
  193  17:54  Marauder  
  193  17:57  Marauder  
  193  17:58  Marauder  
  199  18:00  Marine  
  199  18:03  Starport Tech Lab  
  200  18:15  Bunker x2  
  200  18:22  Unknown  
  200  18:39  Command Center  
  200  18:48  Bunker  
  200  18:49  Missile Turret  
  200  19:09  Missile Turret  
  188  19:20  Missile Turret  
  188  19:23  Thor x3  
  141  19:33  Marauder x3  
  141  19:34  Marauder, Marine x2  
  141  19:35  Missile Turret  
  131  19:43  Missile Turret  
  131  19:48  Terran Vehicle Weapons Level 3  
  131  19:52  Marine x2  
  133  19:54  Marauder  
  133  19:55  Marauder x3  
  139  20:03  Orbital Command  
  139  20:05  Thor  
  139  20:06  Thor x2  
  140  20:09  Marine  
  140  20:10  Marine  
  140  20:16  Marauder x4  
  148  20:27  Marine  
  148  20:28  Marine  
  150  20:37  Orbital Command, Marauder x3  
  150  20:38  Marauder  
  158  20:48  Thor  
  164  20:51  Marine x2  
  164  20:53  Thor  
  164  20:54  Thor  
  178  20:58  Marine x3  
  178  20:59  Marine  
  182  21:09  Marine x2  
  184  21:16  Marauder x2  
  184  21:17  Marauder x2, Medivac  
  194  21:27  Marine x2  
  194  21:30  Unknown  
  194  21:32  Factory  
  195  21:38  Marauder x2  
  199  21:44  Marine  
  168  22:35  Marauder x4, Marine x2  
  168  22:36  Thor x3  
  141  23:04  Marauder x4  
  141  23:05  Marine x2  
  125  23:18  Thor x2  
  125  23:19  Thor  
  135  23:23  Marine x2  
  135  23:25  Factory Tech Lab, Marauder x3  
  135  23:26  Marauder  
  145  23:40  Marine  
  145  23:41  Marine  
  146  23:45  Orbital Command  
  146  23:46  Marauder  
  146  23:47  Marauder x3  
  155  23:52  Refinery  
  155  23:54  Refinery  
  154  23:58  Marine  
  154  23:59  Marine  
  154  24:01  Thor x3  
  172  24:08  Marauder x3, Marine  
  179  24:16  Marine  
  180  24:26  Refinery, Marine  
  180  24:27  Refinery  
  180  24:29  Marine x3  
  184  24:31  Terran Vehicle And Ship Armor Level 3  
  184  24:33  Hi-Sec Auto Tracking  
  184  24:34  Neosteel Armor  
  184  24:36  Cloaking Field  
  184  24:44  Thor  
  184  24:45  Refinery x2  
  190  24:56  Refinery  
  189  25:09  Missile Turret  
  189  25:18  Medivac  
  191  25:48  Medivac  
  193  26:02  Hellbat  
  195  26:18  Medivac  
Show
View Real Time Build Order
Export as new Build Order

PILINGO Protoss 

Build Orders: 1 Gate Expand, Colossus Rush 

Get SALT Encoding   

  12  0:02  Probe  
  13  0:16  Pylon  
  13  0:18  Probe (Chrono Boost)  
  15  0:30  Probe (Chrono Boost)  
  15  0:39  Gateway  
  15  0:43  Assimilator  
  15  0:50  Probe  
  16  1:03  Probe  
  17  1:15  Probe  
  18  1:27  Probe, Cybernetics Core  
  19  1:40  Nexus  
  19  1:47  Probe  
  20  1:59  Probe  
  21  2:06  Pylon  
  21  2:11  Probe  
  21  2:15  Warp Gate (Chrono Boost)  
  22  2:22  Stalker (Chrono Boost)  
  22  2:23  Probe  
  24  2:41  Gateway  
  24  2:44  Stalker  
  24  2:48  Gateway  
  26  3:06  Gateway  
  26  3:08  Gateway  
  26  3:16  Robotics Facility  
  26  3:21  Pylon  
  26  3:24  Assimilator  
  26  3:33  Probe x2  
  28  3:45  Probe x2  
  30  3:57  Probe x2  
  30  4:00  Assimilator  
  32  4:04  Assimilator  
  32  4:09  Probe  
  31  4:19  Robotics Bay  
  31  4:25  Probe (Chrono Boost)  
  32  4:33  Observer  
  32  4:36  Probe (Chrono Boost)  
  34  4:39  Robotics Facility  
  34  4:41  Probe (Chrono Boost)  
  35  4:49  Probe  
  35  4:51  Probe  
  37  4:54  Pylon  
  37  4:57  Extended Thermal Lance (Chrono Boost)  
  37  5:01  Probe  
  37  5:03  Probe  
  39  5:12  Stalker  
  39  5:13  Probe, Stalker  
  44  5:15  Probe  
  45  5:25  Probe  
  46  5:34  Colossus (Chrono Boost)  
  52  5:52  Probe x2  
  54  6:06  Twilight Council  
  53  6:11  Probe  
  53  6:12  Probe, Colossus (Chrono Boost)  
  61  6:20  Forge  
  61  6:28  Probe  
  62  6:38  Pylon  
  62  6:40  Nexus  
  62  6:41  Pylon  
  62  6:43  Pylon  
  62  6:44  Charge (Chrono Boost)  
  62  6:56  Probe x2, Colossus (Chrono Boost)  
  70  7:01  Pylon  
  70  7:08  Probe x2  
  72  7:14  Gateway  
  72  7:17  Gateway  
  72  7:18  Protoss Ground Weapons Level 1  
  72  7:20  Probe x2, Pylon  
  74  7:31  Colossus (Chrono Boost)  
  74  7:32  Probe x2  
  81  7:42  Observer (Chrono Boost)  
  82  7:44  Probe  
  82  7:47  Zealot x4  
  91  8:07  Warp Prism (Chrono Boost)  
  91  8:09  Probe  
  91  8:10  Probe x2  
  96  8:16  Zealot x5  
  106  8:21  Probe  
  106  8:22  Probe  
  106  8:24  Gateway  
  108  8:45  Immortal (Chrono Boost)  
  108  8:48  Immortal (Chrono Boost)  
  116  8:54  Pylon  
  116  8:55  Pylon  
  116  9:00  Shield Battery  
  116  9:01  Shield Battery  
  116  9:07  Pylon  
  87  9:39  Zealot  
  87  9:40  Zealot x6  
  100  10:01  Stalker x6  
  100  10:02  Stalker  
  100  10:03  Probe  
  100  10:04  Probe  
  116  10:49  Zealot  
  118  10:50  Zealot x6  
  106  11:22  Immortal x2  
  114  11:30  Robotics Facility  
  114  11:35  Probe  
  114  11:36  Probe, Robotics Facility  
  114  11:37  Robotics Facility  
  114  11:38  Probe  
  117  11:42  Protoss Ground Weapons Level 2 (Chrono Boost)  
  117  11:43  Assimilator  
  117  11:47  Probe  
  118  11:55  Probe  
  118  11:56  Probe  
  118  12:00  Probe  
  121  12:03  Stalker x4  
  121  12:04  Stalker x2  
  140  12:29  Immortal x2 (Chrono Boost)  
  140  12:38  Pylon  
  140  12:40  Probe  
  141  12:45  Pylon  
  141  12:46  Pylon  
  141  12:47  Pylon  
  141  12:49  Pylon  
  141  12:52  Templar Archives  
  141  12:54  Assimilator  
  141  12:55  Immortal (Chrono Boost)  
  141  12:56  Probe  
  146  13:00  Immortal (Chrono Boost)  
  154  13:10  Immortal (Chrono Boost)  
  162  13:16  Immortal x2 (Chrono Boost)  
  162  13:27  Stalker x5  
  162  13:33  Immortal  
  176  13:49  Nexus  
  170  14:11  Colossus  
  151  14:23  Colossus x2  
  151  14:24  Colossus  
  113  14:30  Zealot  
  107  14:35  High Templar  
  107  14:36  High Templar x2  
  107  14:37  High Templar  
  115  14:39  High Templar  
  115  14:41  Archon  
  115  14:43  Archon  
  117  14:46  High Templar  
  119  14:54  Archon  
  105  15:10  Zealot x3  
  105  15:11  Zealot x2  
  103  15:34  High Templar x5  
  103  15:35  High Templar x2  
  117  15:38  Archon x2  
  117  15:39  Archon  
  117  15:49  Nexus  
  117  16:07  Zealot x2  
  117  16:08  Zealot x4  
  130  16:18  Probe x2  
  90  16:56  Immortal x2  
  98  17:06  High Templar x5  
  98  17:07  High Templar x2  
  112  17:10  Archon x3  
  112  17:17  Protoss Ground Weapons Level 3 (Chrono Boost)  
  112  17:20  Assimilator  
  112  17:25  Assimilator  
  112  17:39  Immortal  
  116  17:46  Immortal  
  116  17:48  Psionic Storm, Zealot x4  
  116  17:51  Zealot  
  130  17:57  Zealot  
  130  17:58  Zealot  
  134  18:10  Probe x3  
  137  18:19  Gateway  
  137  18:24  Gateway  
  136  18:49  High Templar x5  
  136  18:55  Probe x2  
  147  18:56  Probe  
  149  19:03  Zealot x2  
  135  19:20  Archon x2  
  101  19:37  Zealot x6  
  101  19:38  Zealot x3  
  99  20:17  Immortal x2  
  103  20:27  Pylon  
  99  20:48  Dark Shrine  
  99  20:51  Immortal (Chrono Boost)  
  111  21:01  High Templar x2  
  111  21:02  High Templar x2  
  111  21:03  High Templar, Immortal x2 (Chrono Boost)  
  121  21:23  Immortal  
  125  21:28  Nexus  
  125  21:31  Pylon  
  123  21:43  Pylon, Protoss Ground Armor Level 1 (Chrono Boost)  
  123  21:59  Nexus  
  123  22:05  Zealot x2  
  106  22:26  Zealot x4  
  109  22:48  Archon  
  87  22:52  Dark Templar x3  
  60  23:06  Stalker x2  
  60  23:22  Probe x2  
  60  23:26  Assimilator  
  62  23:30  Assimilator  
  62  23:33  Immortal  
  66  23:41  Probe x2  
  62  24:06  Stalker x4  
  70  24:11  Probe x2  
  70  24:13  Pylon  
  70  24:15  Pylon  
  72  24:18  Stargate  
  72  24:20  Stargate  
  72  24:23  Stargate  
  72  24:27  Stargate  
  72  24:31  Pylon  
  72  24:33  Pylon  
  72  24:39  Dark Templar  
  74  24:49  Unknown  
  74  25:06  Fleet Beacon  
  74  25:11  Pylon  
  72  25:28  Nexus  
  70  25:48  Tempest x2 (Chrono Boost)  
  76  26:01  Tempest (Chrono Boost)  
  71  26:06  Tempest (Chrono Boost)  
  71  26:08  Zealot x3  
  71  26:09  Zealot x3  
Tags
 
Add a new tag
Caveats
  • Supply blocks, unpowered buildings, or Contaminate may cause inaccurate times.
  • Supply counts are checked every 10 seconds.